 Dungeon Crawl Stone Soup version 0.25.0-1-g7eea58d2a3 (webtiles) character file.

Game seed: 632209842885929368

239460 Nixze the Bringer of Light (level 20, -8/162 HPs)
             Began as a Formicid Fighter on June 14, 2020.
             Was the Champion of the Shining One.
             Mangled by a spriggan defender
             ... wielding a +4 demon whip of electrocution
              (10 damage)
             ... on level 1 of the Vaults.
             The game lasted 01:39:21 (38439 turns).

Nixze the Bringer of Light (Formicid Fighter)      Turns: 38439, Time: 01:39:21

Health: -8/162     AC: 30    Str: 30    XL:     20   Next: 55%
Magic:  29/34      EV:  6    Int:  4    God:    the Shining One [******]
Gold:   702        SH: 36    Dex: 10    Spells: 30/39 levels left

rFire    + . .     SeeInvis +   a - +6 lajatang (elec)
rCold    + . .     Gourm    .   D - +10 tower shield of Ignorance {rN+ Int-4}
rNeg     + + +     Faith    .   A - +1 crystal plate armour
rPois    .         Spirit   .   (helmet unavailable)
rElec    .         Reflect  +   L - +0 cloak
rCorr    .         Harm     .   h - +0 pair of gloves
MR       ++...                  o - +1 pair of boots
Stlth    ..........             C - amulet of reflection
HPRegen  0.37/turn              y - ring of protection from cold
MPRegen  0.24/turn              s - ring of protection from fire

@: glowing
A: permanent stasis, dig shafts and tunnels, four strong arms, antennae 3
}: 1/15 runes: serpentine
a: Dig, Shaft Self, Divine Shield, Cleansing Flame, Summon Divine Warrior,
Renounce Religion


You were on level 1 of the Vaults.
You worshipped the Shining One.
The Shining One was exalted by your worship.
You were not hungry.

You visited 6 branches of the dungeon, and saw 30 of its levels.
You also visited: Ice Cave.

You collected 3326 gold pieces.
You spent 2624 gold pieces at shops.

Inventory:

Hand Weapons
 a - a +6 lajatang of electrocution (weapon)
 b - a +2 lajatang of holy wrath
 X - a +1 quarterstaff
Missiles
 c - 8 javelins
 l - 83 boomerangs (quivered)
 t - 4 silver boomerangs
 Q - 11 silver javelins
Armour
 h - a +0 pair of gloves (worn)
 o - a +1 pair of boots (worn)
 A - a +1 crystal plate armour (worn)
 D - the +10 tower shield of Ignorance (worn) {rN+ Int-4}
   (You acquired it on level 2 of the Orcish Mines)

   It affects your intelligence (-4).
   It protects you from negative energy.
 L - a +0 cloak (worn)
Jewellery
 q - an uncursed ring of resist corrosion
 s - a ring of protection from fire (right hand)
 y - a ring of protection from cold (left hand)
 C - an amulet of reflection (around neck)
 R - an uncursed amulet of faith {unknown}
 W - an uncursed ring of protection from magic
Wands
 x - a wand of iceblast (28)
 E - a wand of acid (35)
 F - a wand of digging (6)
 J - a wand of flame (86)
 M - a wand of disintegration (33)
 S - a wand of paralysis (9)
 V - a wand of enslavement (4)
Scrolls
 e - 6 scrolls of identify
 i - 5 scrolls of immolation
 k - 13 scrolls of remove curse
 m - 6 scrolls of magic mapping
 n - 2 scrolls of enchant armour
 r - 3 scrolls of fog
 u - 12 scrolls of amnesia
 G - a scroll of summoning {unknown}
 I - 3 scrolls of enchant weapon
 O - a scroll of silence
 P - 2 scrolls of fear
 U - a scroll of holy word
 Y - a scroll of vulnerability
Potions
 g - 10 potions of brilliance
 j - 6 potions of stabbing
 p - 4 potions of magic
 v - 3 potions of heal wounds
 w - 4 potions of ambrosia
 z - 3 potions of mutation
 B - 2 potions of cancellation
 K - 4 potions of resistance
 N - 4 potions of flight
 T - a potion of might
 Z - 4 potions of curing
Miscellaneous
 d - a phial of floods
Comestibles
 f - 52 rations


   Skills:
 + Level 15.0 Fighting
 - Level 14.0 Staves
 + Level 15.1 Armour
 - Level 15.0 Shields
 + Level 10.1 Spellcasting
 * Level 10.2 Hexes
 * Level 8.5 Charms
 - Level 13.7 Poison Magic
 + Level 15.7 Invocations


You had 30 spell levels left.
You knew the following spells:

 Your Spells              Type           Power        Failure   Level  Hunger
a - Olgreb's Toxic Radia  Pois           ##......     12%         4    #####..
b - Song of Slaying       Chrm           #.......     14%         2    ##.....
c - Spectral Weapon       Hex/Chrm       #.......     21%         3    ###....

Your spell library contained the following spells:

 Spells                   Type           Power        Failure   Level  Hunger
 Infusion                 Chrm           #...         10%         1    #......
 Sting                    Tmut/Pois      #...         19%         1    #......
 Ensorcelled Hibernation  Hex/Ice        #.....       52%         2    ##.....
 Shroud of Golubria       Chrm/Tloc      #.....       63%         2    ##.....
 Portal Projectile        Hex/Tloc       #.....       75%         3    ###....
 Summon Guardian Golem    Hex/Summ       #.......     75%         3    ###....
 Ozocubu's Armour         Chrm/Ice       #.......     86%         3    ###....
 Freeze                   Ice            #...         97%         1    #......
 Summon Small Mammal      Summ           #...         97%         1    #......
 Leda's Liquefaction      Hex/Erth       #.........   98%         4    #####..
 Call Imp                 Summ           #.......     99%         2    ##.....
 Corpse Rot               Necr/Air       N/A          99%         2    ##.....
 Call Canine Familiar     Summ           #.......     100%        3    ###....
 Frozen Ramparts          Ice            #.....       100%        3    ###....
 Gell's Gravitas          Tloc           #.........   100%        3    ###....
 Lesser Beckoning         Tloc           #.........   100%        3    ###....
 Recall                   Summ/Tloc      N/A          100%        3    ###....
 Static Discharge         Conj/Air       #.......     100%        3    ###....
 Stone Arrow              Conj/Erth      #.....       100%        3    ###....
 Teleport Other           Tloc           #.......     100%        3    ###....
 Hailstorm                Conj/Ice       #.......     100%        4    #####..
 Passage of Golubria      Tloc           N/A          100%        4    #####..
 Summon Ice Beast         Ice/Summ       #.......     100%        4    #####..
 Summon Lightning Spire   Summ/Air       #.......     100%        4    #####..
 Bolt of Magma            Conj/Fire/Erth #.........   100%        5    ######.
 Summon Forest            Summ/Tloc      #.........   100%        5    ######.
 Conjure Ball Lightning   Conj/Air       #.........   100%        6    #######
 Eringya's Noxious Bog    Tmut/Pois      #.........   100%        6    #######
 Freezing Cloud           Conj/Ice/Air   #.........   100%        6    #######
 Hydra Form               Tmut           #.........   100%        6    #######
 Iron Shot                Conj/Erth      #.........   100%        6    #######
 Statue Form              Tmut/Erth      #........    100%        6    #######
 Summon Hydra             Summ           #.........   100%        7    #######
 Disjunction              Tloc           #.........   100%        8    #######
 Shatter                  Erth           #.........   100%        9    #######
 Blink                    Tloc           Unusable     N/A         2    N/A
 Controlled Blink         Tloc           Unusable     N/A         8    N/A

Dungeon Overview and Level Annotations

Branches:
Dungeon (15/15)            Temple (1/1) D:4            Lair (6/6) D:10
 Shoals (0/4) Lair:3        Snake (4/4) Lair:4        Slime (0/5) Lair:6
    Orc (2/2) D:9             Elf (0/3) Orc:2        Vaults (2/5) D:14
 Depths (0/5) D:15          IceCv (visited)
  Crypt: Vaults:2-3

Altars:
Ashenzari
Cheibriados
Dithmenos
Elyvilon
Fedhas
Gozag
Hepliaklqana
Kikubaaqudgha
Makhleb
Nemelex Xobeh
Okawaru
Qazlal
Ru
Sif Muna
Trog
Uskayaw
Vehumet
Wu Jian
Xom
Yredelemnul
Zin
The Shining One
Beogh
Jiyva

Shops:
D:6 ?   D:9 %   Orc:2 (=(*[   Snake:3 [((%[

Portals:
Abyss: Orc:1


Innate Abilities, Weirdness & Mutations

You cannot be hasted, slowed, berserked, paralysed or teleported.
You can dig through walls and to a lower floor.
Your four strong arms can wield two-handed weapons with a shield.
You have a pair of large antennae on your head. (SInv)


Message History

You block the spriggan defender's attack.
The spriggan defender hits you with a +7 quick blade.
* * * LOW HITPOINT WARNING * * *
The spriggan defender hits you but does no damage.
You block the spriggan defender's attack.
There is a stone staircase leading up here.
You block the spriggan defender's attack. x2
The spriggan defender hits you but does no damage.
The spriggan defender hits you with a +4 demon whip of electrocution!!
* * * LOW HITPOINT WARNING * * *
You are electrocuted!!
* * * LOW HITPOINT WARNING * * *
You climb upwards.
The battlesphere dissipates.
There is a stone staircase leading down here.
You feel much better.
You block the spriggan defender's attack.
The spriggan defender hits you with a +4 demon whip of electrocution!
* * * LOW HITPOINT WARNING * * *
You are electrocuted!
You die...

#........................
#........................
#........................
#..##########'###########
#..# ###.# #..# ###...#
#..# ####.....# #..#
#....=(#### #..#
#..@.(.'..# #..#
#..ii..#### #..#
####.....# #..# ###...#
#..# ###.# #..# ### #..#
#..######################
#........................


You could see 2 spriggan defenders.

Vanquished Creatures
  Mara (Snake:4)
  Jorgrun (D:12)
  Asterion (Snake:3)
  Agnes (Vaults:2)
  Kirke (Snake:4)
  3 azure jellies (Lair:6)
  8 nagarajas
  A frost giant (IceCv)
  2 orc warlords (Orc:1)
  2 vault wardens (Vaults:1)
  2 stone giants (Vaults:2)
  6 ironheart preservers
  A deep elf annihilator (Vaults:2)
  The ghost of Azzoler the Nimble, a journeyman DsFi of Okawaru (Lair:3)
  3 yaktaur captains
  4 fire dragons
  A great orb of eyes (Vaults:2)
  3 vault guards (Vaults:1)
  An ice dragon (D:15)
  Erolcha (D:10)
  A rakshasa (Orc:1)
  Harold (D:8)
  16 naga warriors
  Erica (D:8)
  34 two-headed ogres
  14 hydras
  5 anacondas
  A deep troll shaman (Vaults:1)
  A tengu warrior (D:15)
  10 ogre magi
  6 centaur warriors
  13 naga sharpshooters
  8 shock serpents
  2 death yaks (IceCv)
  A thrashing horror (Orc:1)
  Urug (Lair:3)
  The ghost of Exodus22XD the Scholar, a journeyman DEWz of Sif Muna (Lair:2)
  Nergalle (Lair:3)
  2 salamander mystics
  5 skeletal warriors (D:15)
  5 deep trolls
  4 unseen horrors
  2 wizards (Vaults:1)
  A wolf spider zombie (D:15)
  11 naga ritualists
  A lindwurm (Lair:6)
  5 harpies (Vaults:2)
  A spectral hydra (Lair:3)
  2 wolf spiders
  4 ironbrand convokers
  32 ugly things
  9 orc knights
  5 deep elf magi
  8 salamanders
  7 mana vipers
  5 orc sorcerers
  2 manticores
  4 oklob plants
  A worldbinder (Orc:1)
  8 cyclopes
  A merfolk siren (Lair:3)
  3 guardian serpents
  An elephant (Lair:2)
  3 vault sentinels (Vaults:1)
  22 naga magi
  Psyche (D:11)
  26 black mambas
  7 spiny frogs
  2 efreet
  2 rime drakes
  An ice devil (Orc:1)
  2 molten gargoyles (Lair:6)
  15 yaktaurs
  2 freezing wraiths (Vaults:2)
  6 komodo dragons
  10 trolls
  8 blink frogs (Lair:3)
  A merfolk (D:11)
  22 slime creatures
  2 hornets (Vaults:2)
  Prince Ribbit (D:8)
  16 polar bears (IceCv)
  A blink frog (shapeshifter) (D:15)
  14 hippogriffs
  2 shadows
  A centaur simulacrum (D:15)
  2 water elementals (D:15)
  35 yaks
  11 wyverns
  4 basilisks
  2 hogs (D:11)
  16 humans (D:14)
  A basilisk (shapeshifter) (D:15)
  3 hungry ghosts
  A large abomination (Orc:1)
  A steam dragon (Lair:6)
  A vampire mosquito (D:7)
  43 nagas
  An acid dragon (Vaults:1)
  5 wargs
  7 water moccasins
  A hydra simulacrum (Lair:3)
  3 hell hounds (Lair:6)
  10 porcupines
  A swamp drake (Lair:5)
  A floating eye (shapeshifter) (Vaults:2)
  A spectral torpor snail (Lair:3)
  A meliai simulacrum (D:15)
  A hornet zombie (D:15)
  A porcupine (shapeshifter) (Vaults:2)
  3 sky beasts
  31 orc warriors
  A phantom (D:14)
  10 black bears
  3 ice beasts
  38 ogres
  3 boggarts (Vaults:1)
  9 centaurs
  18 wolves
  2 big kobolds (D:11)
  24 crocodiles
  3 gnoll sergeants (D:11)
  A wyvern zombie (D:13)
  23 bullfrogs
  A spiny frog simulacrum (Lair:3)
  A water moccasin zombie (D:6)
  3 scorpions
  A water moccasin skeleton (D:4)
  A dream sheep simulacrum (Lair:3)
  11 killer bees
  17 electric eels
  6 howler monkeys
  5 lava snakes (Lair:6)
  5 crimson imps
  2 quasits
  2 centaur zombies
  A komodo dragon simulacrum (Lair:3)
  14 orc priests
  A bullfrog zombie (D:5)
  4 centaur skeletons
  12 hounds
  8 jellies
  4 bullfrog skeletons
  4 gnoll shamans (D:11)
  Jessica (D:2)
  10 iguanas
  25 orc wizards
  15 worker ants
  2 hound zombies
  3 gnolls
  A howler monkey skeleton (D:5)
  13 adders
  5 shadow imps
  2 white imps (D:15)
  5 oozes (D:8)
  An adder skeleton (D:7)
  4 worms
  A dart slug (D:4)
  6 leopard geckos
  101 orcs
  9 bats
  5 giant cockroaches
  8 goblins
  9 hobgoblins
  4 jackals (D:5)
  7 quokkas
  11 frilled lizards
  A giant cockroach zombie (D:6)
  A jackal zombie (D:8)
  9 kobolds
  A quokka zombie (D:6)
  4 rats
  A plant (Lair:3)
1147 creatures vanquished.

Vanquished Creatures (collateral kills)
  An ironheart preserver (Vaults:1)
  The ghost of Keeluq the Geomancer, a journeyman GrEE of Vehumet (Orc:1)
  A great orb of eyes (Orc:1)
  A vault guard (Vaults:1)
  A flayed ghost (Vaults:1)
  A deep troll (Vaults:1)
  2 ironbrand convokers (Vaults:1)
  A manticore (shapeshifter) (Orc:1)
  A large abomination (Orc:1)
10 creatures vanquished.

Vanquished Creatures (others)
  A human (Snake:4)
  2 crimson imps (D:10)
  An adder (D:10)
  3 frilled lizards (Lair:5)
  8 fungi
  4 plants
  A spectral weapon (Vaults:2)
20 creatures vanquished.

Grand Total: 1177 creatures vanquished

Notes
Turn   | Place    | Note
-------+----------+-------------------------------------------
     0 | D:1      | Nixze the Formicid Fighter began the quest for the Orb.
     0 | D:1      | Reached XP level 1. HP: 18/18 MP: 1/1
    89 | D:1      | Reached XP level 2. HP: 16/24 MP: 2/2
   458 | D:1      | Reached XP level 3. HP: 28/29 MP: 3/3
   966 | D:2      | Noticed Jessica
   977 | D:2      | Killed Jessica
   977 | D:2      | Reached XP level 4. HP: 23/37 MP: 4/4
  1237 | D:2      | Found a shattered altar of Ashenzari.
  1699 | D:3      | Reached XP level 5. HP: 42/42 MP: 5/5
  1801 | D:3      | Found an ancient bone altar of Kikubaaqudgha.
  2153 | D:3      | Found a snail-covered altar of Cheibriados.
  2348 | D:4      | Noticed an ogre
  2773 | D:4      | Noticed an ogre
  2797 | D:3      | Reached XP level 6. HP: 25/48 MP: 6/6
  2970 | D:4      | Found a staircase to the Ecumenical Temple.
  2984 | Temple   | Entered the Ecumenical Temple
  3095 | Temple   | Became a worshipper of the Shining One
  3471 | D:4      | Killed an ogre
  3471 | D:4      | Reached skill level 5 in Shields
  3471 | D:4      | Reached skill level 1 in Invocations
  3830 | D:4      | Reached XP level 7. HP: 54/55 MP: 8/8
  4474 | D:5      | Entered Level 5 of the Dungeon
  4923 | D:5      | Reached skill level 5 in Staves
  5110 | D:5      | Found a bloodstained altar of Trog.
  5181 | D:5      | Reached skill level 5 in Fighting
  5181 | D:5      | Reached skill level 5 in Armour
  5181 | D:5      | Reached XP level 8. HP: 55/62 MP: 9/9
  5596 | D:5      | You fall into a shaft and drop 1 floor!
  5608 | D:6      | Found a sparkling altar of Nemelex Xobeh.
  5710 | D:6      | Found a basalt altar of Yredelemnul.
  5953 | D:5      | Found a white marble altar of Elyvilon.
  6118 | D:6      | Reached XP level 9. HP: 69/69 MP: 11/11
  6417 | D:6      | Reached * piety under the Shining One
  6457 | D:6      | Found Nearosurue's Magic Scroll Shoppe.
  6462 | D:6      | Bought a scroll of identify for 26 gold pieces
  6462 | D:6      | Bought a scroll of identify for 26 gold pieces
  6462 | D:6      | Bought a scroll of magic mapping for 45 gold pieces
  6462 | D:6      | Bought a scroll of identify for 26 gold pieces
  6462 | D:6      | Bought a scroll of identify for 26 gold pieces
  6462 | D:6      | Bought a scroll of magic mapping for 45 gold pieces
  6462 | D:6      | Bought a scroll of identify for 26 gold pieces
  6696 | D:6      | Found an iron altar of Okawaru.
  7156 | D:7      | Reached skill level 5 in Invocations
  7464 | D:7      | Noticed a hippogriff
  7475 | D:7      | Killed a hippogriff
  7749 | D:7      | Noticed a two-headed ogre
  7788 | D:7      | Killed a two-headed ogre
  7788 | D:7      | Reached XP level 10. HP: 16/79 MP: 14/14
  8389 | D:7      | Noticed a cyclops
  8413 | D:7      | Killed a cyclops
  8689 | D:7      | Noticed a two-headed ogre
  8700 | D:7      | Killed a two-headed ogre
  8815 | D:7      | Noticed a red ugly thing
  8815 | D:7      | Reached ** piety under the Shining One
  8828 | D:7      | Killed a red ugly thing
  8861 | D:7      | Reached XP level 11. HP: 42/86 MP: 16/16
  8874 | D:7      | Got a smoking steel amulet
  8875 | D:7      | Identified the amulet "Olizir" {rF+ Regen+ Int+2} (You
                  | found it on level 7 of the Dungeon)
  9163 | D:8      | Found a burning altar of Makhleb.
  9234 | D:8      | Noticed Erica
  9245 | D:8      | Killed Erica
  9312 | D:8      | Reached skill level 10 in Staves
  9390 | D:8      | Found a shimmering blue altar of Sif Muna.
  9390 | D:8      | Noticed Harold
  9429 | D:8      | Killed Harold
  9604 | D:8      | Found a glowing silver altar of Zin.
  9615 | D:8      | Found a hazy altar of Hepliaklqana.
  9628 | D:8      | Found a hide-covered altar of Uskayaw.
  9631 | D:8      | Found a burning altar of Makhleb.
 10061 | D:8      | Noticed Prince Ribbit
 10081 | D:8      | Killed Prince Ribbit
 10157 | D:9      | Reached *** piety under the Shining One
 10157 | D:9      | Noticed a red ugly thing
 10208 | D:8      | Killed a red ugly thing
 10407 | D:9      | Found a stormy altar of Qazlal.
 10631 | D:9      | Found a staircase to the Orcish Mines.
 10636 | D:9      | Found a shadowy altar of Dithmenos.
 10670 | D:9      | Found Vuarph's Food Emporium.
 10839 | D:10     | Entered Level 10 of the Dungeon
 10933 | D:10     | Noticed a red ugly thing
 10974 | D:10     | Killed a red ugly thing
 10974 | D:10     | Reached XP level 12. HP: 66/95 MP: 18/18
 11237 | D:10     | Reached **** piety under the Shining One
 11466 | D:10     | Found a staircase to the Lair.
 11776 | D:10     | Noticed Erolcha
 11783 | D:10     | Killed Erolcha
 11972 | Lair:1   | Entered Level 1 of the Lair of Beasts
 12129 | Lair:1   | Noticed an eight-headed hydra
 12141 | Lair:1   | Killed an eight-headed hydra
 12854 | Lair:2   | Noticed a five-headed hydra
 12870 | Lair:2   | Killed a five-headed hydra
 12955 | Lair:2   | Reached skill level 10 in Armour
 13063 | Lair:2   | Found a runed translucent door.
 13064 | Lair:2   | Noticed Exodus22XD's ghost (journeyman DEWz)
 13073 | Lair:2   | Killed Exodus22XD's ghost
 13073 | Lair:2   | Reached skill level 10 in Fighting
 13093 | Lair:2   | Identified Tutidofy's Disquisition on Frigorific Venom
 13096 | Lair:2   | Got an ancient short sword
 13097 | Lair:2   | Identified the cursed +3 short sword of the Silent Majority
                  | {holy, Str-2 Int+5} (You found it on level 2 of the Lair of
                  | Beasts)
 13100 | Lair:2   | Identified 2 scrolls of acquirement
 13496 | Lair:2   | Reached XP level 13. HP: 103/103 MP: 20/20
 13973 | Lair:3   | Reached skill level 10 in Invocations
 14023 | Lair:3   | Found a staircase to the Shoals.
 14121 | Lair:3   | Noticed a six-headed hydra
 14128 | Lair:3   | Killed a 12-headed hydra
 14205 | Lair:3   | Found a runed translucent gate.
 14205 | Lair:3   | Found a runed translucent gate.
 14205 | Lair:3   | Found a runed translucent gate.
 14205 | Lair:3   | Noticed Azzoler's ghost (journeyman DsFi)
 14226 | Lair:3   | Killed Azzoler's ghost
 14288 | Lair:3   | Noticed Urug
 14302 | Lair:3   | Killed Urug
 14473 | Lair:3   | Noticed Nergalle
 14480 | Lair:3   | Killed Nergalle
 14561 | Lair:3   | Noticed a seven-headed hydra
 14570 | Lair:3   | Killed a nine-headed hydra
 15550 | Lair:4   | Found a staircase to the Snake Pit.
 15650 | Lair:4   | Noticed a five-headed hydra
 15664 | Lair:4   | Killed a five-headed hydra
 16148 | Lair:5   | Noticed an eight-headed hydra
 16158 | Lair:5   | Killed a nine-headed hydra
 16241 | Lair:5   | Noticed an eight-headed hydra
 16257 | Lair:5   | Killed an eight-headed hydra
 16264 | Lair:5   | Reached XP level 14. HP: 97/113 MP: 22/22
 16381 | Lair:5   | Learned a level 4 spell: Olgreb's Toxic Radiance
 16717 | Lair:5   | Reached skill level 1 in Poison Magic
 16765 | Lair:5   | Reached ***** piety under the Shining One
 17100 | Lair:6   | Entered Level 6 of the Lair of Beasts
 17204 | Lair:6   | Reached skill level 1 in Spellcasting
 17516 | Lair:6   | Found a large runed translucent door.
 17516 | Lair:6   | Found a large runed translucent door.
 18078 | Lair:6   | Found a runed translucent door.
 18079 | Lair:6   | Found a viscous altar of Jiyva.
 18079 | Lair:6   | Noticed an azure jelly
 18080 | Lair:6   | Noticed an azure jelly
 18081 | Lair:6   | Found a staircase to the Slime Pits.
 18081 | Lair:6   | Noticed an azure jelly
 18681 | Orc:1    | Entered Level 1 of the Orcish Mines
 18726 | Orc:2    | Entered Level 2 of the Orcish Mines
 18726 | Orc:2    | Found Laepp's General Store.
 18726 | Orc:2    | Noticed an orc warlord
 18751 | Orc:1    | Killed an orc warlord
 18967 | Orc:2    | Reached skill level 5 in Poison Magic
 19063 | Orc:2    | Found a staircase to the Elven Halls.
 19087 | Orc:2    | Bought a scroll of identify for 32 gold pieces
 19087 | Orc:2    | Bought a potion of curing for 48 gold pieces
 19196 | Orc:2    | Identified the Grimoire of the Eggplant
 19331 | Orc:2    | Found Ocacyq's Weapon Emporium.
 19346 | Orc:2    | Found Kaeskou's Jewellery Boutique.
 19348 | Orc:2    | Found Tyghaq's Antique Weapon Shop.
 19642 | Orc:2    | Found Noshra Wiyse's Antique Armour Boutique.
 19938 | Orc:1    | Found a roughly hewn altar of Beogh.
 19986 | Orc:1    | Found a transporter.
 20105 | Orc:1    | Found a transporter.
 20464 | Orc:1    | Identified the +7 great sword of Purpose {distort, *Slow
                  | +Fly rElec rN++}
 20464 | Orc:1    | Noticed an orc warlord
 20474 | Orc:1    | Noticed Keeluq's ghost (journeyman GrEE)
 20479 | Orc:1    | Killed an orc warlord
 20479 | Orc:1    | Reached XP level 15. HP: 16/120 MP: 9/24
 20482 | Orc:1    | Killed Keeluq's ghost
 20499 | Orc:1    | Got an opal-studded chain mail
 20503 | Orc:1    | Got Lugonu's Grimoire of Dislocation
 20526 | Orc:1    | Found a one-way gate to the infinite horrors of the Abyss.
 20976 | D:11     | Noticed Psyche
 20980 | D:11     | Killed Psyche
 21828 | D:11     | Reached skill level 5 in Spellcasting
 22115 | D:11     | Found a shimmering altar of Xom.
 22637 | D:11     | Identified the +1 chain mail "Pihin" {Str+7} (You found it
                  | on level 1 of the Orcish Mines)
 22953 | D:11     | Got a faintly glowing spear
 22954 | D:11     | Identified the +9 spear of Equilibrium {elec, *Drain rF+
                  | Int+4} (You found it on level 11 of the Dungeon)
 23009 | D:12     | HP: 5/122 [orc warrior/+0 glaive (34)]
 23705 | D:12     | Noticed Jorgrun
 23714 | D:12     | Killed Jorgrun
 25144 | D:13     | Reached ****** piety under the Shining One
 25385 | D:14     | Reached skill level 10 in Shields
 25404 | D:14     | Reached skill level 10 in Poison Magic
 25423 | D:14     | Reached XP level 16. HP: 124/129 MP: 25/25
 25503 | D:14     | Found a gate to the Vaults.
 26346 | D:15     | Entered Level 15 of the Dungeon
 26365 | D:15     | Found a frozen archway.
 26393 | IceCv    | Entered an ice cave
 26734 | IceCv    | Noticed a frost giant
 26747 | IceCv    | Killed a frost giant
 27875 | D:15     | Reached XP level 17. HP: 135/137 MP: 27/27
 28021 | D:15     | Found a staircase to the Depths.
 28370 | Snake:1  | Entered Level 1 of the Snake Pit
 29459 | Snake:2  | Found a stormy altar of Qazlal.
 29507 | Snake:2  | Identified the +2 robe of the Ecumenical Temple {+Blink
                  | Int-3 Dex+7 Stlth+}
 31328 | Snake:3  | Noticed Asterion
 31514 | D:11     | Identified a +2 lajatang of holy wrath (a +0 lajatang
                  | blessed by the Shining One)
 31514 | D:11     | Received a gift from the Shining One
 31804 | Snake:3  | Found Iler's Antique Weapon Shop.
 31805 | Snake:3  | Found Edion's Antique Armour Boutique.
 31805 | Snake:3  | Found Yxatybb's Antique Weapon Shop.
 31810 | Snake:3  | Found Imoankocw's Food Boutique.
 32193 | Orc:2    | Bought a shiny crystal plate armour for 2324 gold pieces
 32205 | Orc:2    | Found the +10 tower shield of Ignorance {rN+ Int-4}
 32205 | Orc:2    | Got the +10 tower shield of Ignorance {rN+ Int-4}
 32555 | Snake:3  | Learned a level 2 spell: Song of Slaying
 32559 | Snake:3  | Learned a level 3 spell: Spectral Weapon
 32605 | Snake:3  | Found Puoruc's Antique Armour Shop.
 32638 | Snake:3  | Killed Asterion
 32638 | Snake:3  | Reached XP level 18. HP: 116/145 MP: 30/30
 32641 | Snake:3  | Reached skill level 1 in Hexes
 32699 | Snake:3  | Reached skill level 1 in Charms
 32784 | Snake:4  | Entered Level 4 of the Snake Pit
 32866 | Snake:4  | Noticed Mara
 32914 | Snake:4  | Noticed Nixze's illusion
 32939 | Snake:4  | Killed Mara
 33456 | Snake:4  | Reached skill level 5 in Hexes
 33960 | Snake:4  | Noticed Kirke
 33968 | Snake:4  | Killed Kirke
 33990 | Snake:4  | Reached XP level 19. HP: 152/152 MP: 32/32
 34212 | Snake:4  | Got a serpentine rune of Zot
 35078 | Lair:6   | Reached skill level 5 in Charms
 35417 | Vaults:1 | Entered Level 1 of the Vaults
 35659 | Vaults:1 | Reached skill level 15 in Invocations
 36241 | Vaults:1 | Reached skill level 15 in Shields
 37517 | Vaults:2 | Reached XP level 20. HP: 155/160 MP: 33/33
 37797 | Vaults:2 | Reached skill level 15 in Armour
 37831 | Vaults:2 | Reached skill level 10 in Spellcasting
 37966 | Vaults:2 | Reached skill level 10 in Hexes
 38125 | Vaults:2 | Reached skill level 15 in Fighting
 38403 | Vaults:2 | Noticed Agnes
 38413 | Vaults:2 | Killed Agnes
 38437 | Vaults:2 | HP: 3/162 [spriggan defender/+4 demon whip of electrocution
                  | (20)]
 38439 | Vaults:1 | Mangled by a spriggan defender

Illustrated notes

Levels and vault maps discovered:
D:1:      ebering_trefoil_twist, layout_rooms
D:2:      layout_basic, ashenzari_altar_1, minmay_statues_item, uniq_jessica
D:3:      layout_loops_ring, lemuel_round_altar, kiku_gazebo_pond_becter
D:4:      layout_basic, minmay_temple_entry_stoned_glass, chequers_jeans
D:5:      layout_basic, kennysheep_mini, first_ration,
          hangedman_abyss_or_decor_stagger, elyvilon_altar_1
D:6:      layout_rooms, nemelex_xobeh_ov_fountains_minmay,
          nicolae_overflow_hidden_temple, serial_shops, shop,
          yredelemnul_altar_generic
D:7:      minmay_the_grid_octo_tiled_squarecenter [minmay_the_grid_octo_focus,
          minmay_the_grid_octo_thin_diamonds,
          minmay_the_grid_octo_tetromino_candy, minmay_the_grid_octo_toaster,
          minmay_the_grid_square_5x5_megaprize_diamond,
          minmay_the_grid_square_5x5_minivault,
          minmay_the_grid_square_5x5_checkered_statues,
          minmay_the_grid_square_5x5_bridge,
          minmay_the_grid_square_5x5_inner_v], layout_basic
D:8:      layout_loops_ring, nicolae_overflow_crystal_walls, minitemple,
          hangedman_little_slice_of_home, makhleb_heckhound_becter, uniq_harold,
          uniq_erica, uniq_prince_ribbit1
D:9:      layout_basic, kennysheep_little_box, lemuel_doored_altar, orc_0_dummy,
          serial_shops, nicolae_shop_stone
D:10:     layout_basic, erik_lair_island, serial_glass, glass_columns_c,
          glass_columns_b, uniq_erolcha
D:11:     kennysheep_town, serial_shops, uniq_psyche
D:12:     layout_layer_cave, special_room [special_room_orc], minmay_checkerbox,
          uniq_jorgrun
D:13:     layout_basic
D:14:     layout_roguey, david_vaults_3, chequers_decorated_corner,
          st_stairs_14, minmay_misc_feat_room
D:15:     grunt_enter_depths_hoard, layout_loops_ring, serial_ice, serial_ice_n,
          serial_ice_l, serial_ice_m, serial_ice_b, serial_ice_e, serial_ice_h,
          portal_ice_cave_entry_pillars_1
Temple:   dpeg_three_leaves_temple
Lair:1:   layout_hall_layers
Lair:2:   layout_gridlike, ebering_ghost_inner_flame, serial_bayou_pond_d,
          serial_bayou_shore_b, grunt_megastairs_5
Lair:3:   layout_roguey, minmay_shoals_entry_lonely_mermaid,
          gammafunk_ghost_necromancy, uniq_nergalle, uniq_urug
Lair:4:   layout_cave_pods, guppyfry_snake_entry_island
Lair:5:   lemuel_reptile_caves, layout_small_grid, dpeg_oklob_1
Lair:6:   cheibrodos_lair_end_hotspot, layout_regular_city, slime_altar_2
Snake:1:  layout_basic
Snake:2:  layout_grid_shapes, lemuel_oklob_altar
Snake:3:  layout_misc_corridors, serial_shops, nicolae_shop_trees, drop_trap,
          minmay_shoptagon, uniq_asterion
Snake:4:  snake_pit, layout_rooms, special_room, lemuel_fruit_tree, uniq_mara,
          uniq_kirke
Orc:1:    layout_diamond_mine, basic_altar, gammafunk_ghost_abyssal_escape
Orc:2:    grunt_orc_gardens, layout_diamond_mine, grunt_orc_garden,
          grunt_orc_garden, grunt_orc_garden, grunt_orc_garden, serial_shops,
          shop, guppyfry_library_mini
Vaults:1: hangedman_vaults_locks, nicolae_vaults_mini_display_case, v_misc_28,
          v_rooms_3, ontoclasm_vaults_gateway, grunt_vaults_hallway_long,
          vaults_room_guarded_vault, grunt_vaults_funnel, layout_vaults_omnigrid
Vaults:2: nicolae_vaults_gold_heap, v_misc_26, ontoclasm_vaults_misaligned,
          vaults_mumra_hex, sword_in_stone, hangedman_vaults_stream, v_misc_33,
          v_rooms_1, v_rooms_6, ontoclasm_vaults_ring_small,
          ontoclasm_vaults_twist, layout_vaults_ring

Skill      XL: |  1  2  3  4  5  6  7  8  9 10 11 12 13 14 15 16 17 18 19 20 |
---------------+-------------------------------------------------------------+-----
Shields        | 4 5 6 7 8 9 10 11 13 14 15 | 15.0
Staves         | 3 4 5 6 8 9 11 12 13 14 | 14.0
Armour         | 4 5 7 9 10 11 12 13 14 15 | 15.1
Fighting       | 4 5 7 9 10 11 12 13 14 15 | 15.0
Invocations    | 1 2 3 5 6 8 9 11 12 13 14 15 | 15.7
Poison Magic   | 6 10 12 13 | 13.7
Spellcasting   | 4 6 7 8 9 10 | 10.1
Hexes          | 6 8 10 | 10.2
Charms         | 4 7 8 |  8.5

Action                   |  1- 3 |  4- 6 |  7- 9 | 10-12 | 13-15 | 16-18 | 19-21 || total
-------------------------+-------+-------+-------+-------+-------+-------+-------++-------
Melee: Quarterstaff      |   106 |   197 |   343 |   673 |    46 |    13 |       ||  1378
       Lajatang          |       |       |       |    18 |   851 |  1097 |   526 ||  2492
Throw: Boomerang         |       |       |     6 |    46 |    32 |     5 |       ||    89
 Cast: Olgreb's Toxic Ra |       |       |       |       |       |     2 |       ||     2
       Song of Slaying   |       |       |       |       |       |       |     4 ||     4
       Spectral Weapon   |       |       |       |       |       |       |     1 ||     1
Invok: Divine Shield     |       |       |       |     1 |     2 |     1 |     1 ||     5
       Cleansing Flame   |       |       |       |       |     4 |     1 |       ||     5
       Summon Divine War |       |       |       |       |     1 |       |     1 ||     2
       Brand Weapon With |       |       |       |       |       |     1 |       ||     1
 Abil: Dig               |     2 |     2 |     2 |     9 |     9 |     8 |     2 ||    34
Evoke: Wand              |       |       |       |     2 |     3 |       |       ||     5
  Use: Scroll            |       |     6 |     8 |    10 |     7 |    11 |     4 ||    46
       Potion            |       |       |     1 |     2 |     2 |     4 |     1 ||    10
  Eat: Chunk             |       |    10 |    13 |    19 |    40 |    14 |    12 ||   108
       Ration            |       |       |     1 |       |       |     5 |     1 ||     7
Armor: Scale mail        |    71 |    33 |       |       |       |       |       ||   104
       Chain mail        |       |    64 |   123 |       |    51 |   151 |       ||   389
       Plate armour      |       |       |    49 |   257 |   267 |       |       ||   573
       Skin              |       |       |       |     3 |       |       |       ||     3
       Crystal plate arm |       |       |       |       |       |    52 |   103 ||   155
Dodge: Dodged            |    37 |    64 |    76 |   120 |   208 |   134 |    36 ||   675
Block: Kite shield       |    58 |   113 |   184 |   317 |   313 |       |       ||   985
       Tower shield      |       |       |       |       |   154 |   930 |   617 ||  1701
       Reflection        |       |       |       |       |       |       |    37 ||    37
